Map: Flashback LE

Players

Kodi - Winner!

  • Race: Zerg Zerg
  • Spawn Location: 11:00

A.I. 4 (Easy)

  • Race: Zerg Zerg
  • Spawn Location: 7:00

A.I. 3 (Medium)

  • Race: Terran Terran
  • Spawn Location: 7:00

A.I. 2 (Hard)

  • Race: Zerg Zerg
  • Spawn Location: 7:00

eternal - Winner!

  • Race: Zerg Zerg
  • Spawn Location: 9:00

Jefe - Winner!

  • Race: Terran Terran
  • Spawn Location: 11:00

VOD

Have the link to the VOD?

Description

Time

  • Played on: May 12, 2024, 5:01 p.m.
  • Length: 35:07
Show
View Real Time Build Order
Export as new Build Order

Kodi Zerg - Winner!

Build Orders: Pool First, Brood Lord Corruptor 

Get SALT Encoding   

  12  0:17  Drone  
  12  0:19  Drone  
  14  0:35  Overlord  
  14  0:51  Spawning Pool  
  13  0:59  Drone  
  13  1:01  Drone x2  
  16  1:06  Extractor  
  15  1:13  Drone  
  15  1:17  Extractor  
  15  1:33  Drone x2  
  17  1:40  Hatchery  
  17  1:44  Zergling x2  
  17  2:11  Zergling x4  
  19  2:24  Spore Crawler, Drone  
  19  2:25  Drone  
  20  2:33  Lair  
  20  2:36  Drone  
  21  2:55  Zergling x2  
  22  3:07  Zergling x2  
  22  3:08  Hatchery  
  22  3:15  Zergling x6  
  25  3:23  Spore Crawler  
  25  3:26  Drone x2  
  26  3:52  Drone  
  26  3:53  Drone  
  26  3:54  Overlord  
  26  3:55  Overlord x2  
  28  4:11  Infestation Pit  
  27  4:17  Queen  
  29  4:24  Queen  
  29  4:28  Drone  
  32  4:31  Drone  
  32  4:35  Overseer  
  33  4:42  Drone x2  
  35  4:46  Drone  
  36  5:04  Drone x3  
  36  5:06  Drone x3  
  42  5:16  Drone x3  
  42  5:17  Overlord  
  45  5:29  Drone x2  
  45  5:31  Drone  
  45  5:34  Queen  
  50  5:37  Drone  
  51  5:44  Neural Parasite  
  51  5:48  Hive  
  50  5:50  Drone x2  
  52  5:57  Zergling x2  
  52  5:59  Zergling x8  
  52  6:00  Zergling x2  
  55  6:10  Drone x2  
  57  6:12  Drone x4  
  57  6:17  Overlord  
  57  6:18  Overlord  
  61  6:23  Overseer  
  61  6:29  Drone x2  
  61  6:30  Drone x2  
  65  6:44  Hydralisk Den, Metabolic Boost  
  64  6:47  Drone  
  65  7:01  Extractor  
  65  7:06  Extractor  
  63  7:11  Spire  
  62  7:15  Drone  
  62  7:16  Drone x3  
  65  7:50  Evolution Chamber  
  64  7:53  Evolution Chamber  
  64  7:57  Grooved Spines  
  63  7:58  Hydralisk  
  63  7:59  Hydralisk x3  
  63  8:02  Drone  
  63  8:03  Adrenal Glands, Drone x4  
  76  8:09  Drone x5  
  76  8:11  Extractor  
  76  8:12  Overlord  
  80  8:13  Overlord  
  80  8:21  Extractor, Zerg Melee Weapons Level 1  
  79  8:33  Overseer x2  
  79  8:34  Overlord x2  
  79  8:39  Overlord  
  79  8:41  Hydralisk x2  
  79  8:43  Hydralisk x3  
  89  8:59  Spire  
  88  9:04  Greater Spire  
  88  9:07  Muscular Augments  
  89  9:19  Corruptor x2  
  93  9:24  Overseer  
  93  9:25  Overseer  
  93  9:54  Hatchery  
  93  9:57  Extractor  
  91  10:19  Corruptor x3  
  97  10:21  Corruptor  
  97  10:22  Corruptor x2  
  97  10:25  Hydralisk x2  
  97  10:26  Hydralisk  
  109  10:34  Brood Lord x2  
  113  10:57  Corruptor x3  
  119  11:15  Extractor  
  118  11:41  Drone x2  
  120  11:50  Hydralisk  
  122  12:01  Overlord  
  122  12:18  Brood Lord x2  
  122  12:19  Brood Lord  
  128  12:28  Overseer  
  128  12:29  Drone  
  129  12:31  Overlord x2  
  129  13:00  Corruptor x3  
  129  13:02  Corruptor x3  
  129  13:03  Corruptor x2  
  130  13:42  Brood Lord x2  
  130  13:43  Brood Lord  
  130  13:44  Hydralisk  
  130  13:45  Hydralisk x7  
  130  13:48  Overlord x5  
  152  14:46  Overlord x3  
  152  14:48  Overlord x3  
  152  14:52  Overlord x3  
  152  14:54  Hatchery  
  152  14:56  Corruptor x4  
  152  14:57  Corruptor x2  
  163  15:05  Overseer x4  
  163  15:34  Brood Lord x2  
  163  15:35  Brood Lord x2  
  169  15:36  Brood Lord x2  
  169  15:38  Hydralisk  
  177  15:43  Hydralisk x2  
  181  15:59  Hydralisk  
  181  16:02  Mutalisk x3  
  189  16:04  Mutalisk  
  189  16:05  Mutalisk x4  
  199  16:13  Extractor  
  199  16:15  Extractor  
  195  16:31  Zerg Flyer Weapons Level 1  
  193  16:35  Zerg Ground Armor Level 1  
  183  16:55  Zerg Missile Weapons Level 1  
  179  17:13  Mutalisk  
  179  17:14  Mutalisk x5  
  179  17:15  Mutalisk x4  
  199  17:25  Burrow  
  199  17:50  Overseer x5  
  199  17:51  Overseer x2  
  199  17:52  Overseer x5  
  175  19:30  Corruptor x2  
  175  19:31  Corruptor x2, Mutalisk x2  
  179  19:32  Mutalisk x6  
  175  19:58  Hydralisk x5  
  175  19:59  Hydralisk x3  
  177  20:11  Hydralisk x2  
  177  20:12  Hydralisk x2  
  159  21:09  Zergling x24  
  165  21:14  Zerg Flyer Weapons Level 2  
  161  21:23  Overseer x4  
  157  21:28  Overseer  
  153  21:38  Zerg Melee Weapons Level 2  
  153  21:39  Zerg Missile Weapons Level 2  
  141  21:53  Corruptor x3  
  141  21:54  Corruptor x7  
  141  21:58  Hatchery  
  152  22:08  Hydralisk  
  152  22:09  Zergling x10  
  156  23:12  Extractor  
  155  23:13  Extractor  
  143  23:54  Zerg Ground Armor Level 2, Hydralisk  
  143  23:55  Hydralisk x11  
  160  24:21  Mutalisk x8  
  164  26:33  Hatchery  
  163  27:05  Hatchery  
  162  27:09  Extractor  
  162  27:11  Mutalisk  
  162  27:12  Mutalisk x11  
  185  28:29  Mutalisk x3  
  185  28:30  Mutalisk x4  
  199  28:35  Zerg Flyer Weapons Level 3  
  199  28:40  Zerg Missile Weapons Level 3  
  199  28:41  Zerg Ground Armor Level 3  
  197  30:34  Extractor  
  196  30:37  Extractor  
  195  30:48  Corruptor x2  
  199  31:12  Zerg Flyer Armor Level 1  
  199  31:17  Zerg Melee Weapons Level 3  
  191  31:36  Mutalisk x4  
  197  32:16  Corruptor  
  199  34:08  Extractor  
  198  34:20  Brood Lord  
Show
View Real Time Build Order
Export as new Build Order

A.I. 4 (Easy) Zerg 

Build Orders: Pool First 

Get SALT Encoding   

  12  0:01  Drone  
  13  0:12  Overlord  
  13  0:16  Drone  
  14  0:30  Drone  
  14  0:34  Drone  
  16  0:43  Spawning Pool  
  16  0:45  Extractor  
  16  0:47  Drone  
  15  0:51  Drone  
  16  0:59  Overlord  
  16  1:29  Queen  
  16  1:30  Zergling x2  
  19  1:32  Roach Warren  
  19  1:35  Drone  
  19  1:38  Extractor  
  18  1:41  Drone  
  19  1:57  Drone  
  20  2:02  Zergling x2  
  20  2:03  Overlord  
  21  2:13  Drone  
  22  2:23  Drone  
  23  2:34  Drone  
  23  2:36  Roach  
  26  2:38  Drone  
  26  2:43  Drone  
  28  3:08  Roach, Ravager, Overlord  
  31  3:40  Ravager  
  31  3:41  Roach  
  34  6:52  Drone  
  34  6:53  Lair  
  34  6:54  Zergling x2, Overlord  
  36  6:57  Hatchery  
  36  6:58  Drone  
  36  7:31  Zergling x2  
  27  7:48  Zergling x2  
  28  7:51  Overseer  
  28  7:52  Overseer  
  28  7:54  Spire  
  27  8:10  Drone  
  28  8:15  Drone  
  28  8:16  Extractor  
  28  8:18  Extractor  
  28  8:20  Drone  
  28  8:24  Drone  
  29  8:28  Drone  
  29  8:33  Drone  
  31  8:37  Drone  
  32  8:41  Drone  
  32  8:46  Drone  
  34  8:50  Drone  
  34  8:54  Drone  
  36  8:59  Drone  
  37  9:04  Drone  
  37  9:07  Mutalisk  
  37  9:08  Drone  
  41  9:13  Drone  
  42  9:17  Drone  
  42  9:21  Drone  
  44  9:25  Mutalisk  
  44  9:26  Drone  
  44  9:30  Drone  
  48  9:42  Mutalisk  
  50  9:59  Mutalisk  
  52  11:57  Roach  
  52  11:58  Overlord  
  52  12:01  Pneumatized Carapace, Overseer  
  54  12:03  Evolution Chamber  
  53  12:12  Hydralisk Den  
  52  12:21  Hatchery  
  51  12:24  Ravager  
  51  12:25  Roach, Overlord  
  51  12:29  Zerg Missile Weapons Level 1  
  54  12:40  Zergling x2  
  44  12:51  Hydralisk  
  46  13:03  Hydralisk  
  48  13:14  Hydralisk  
  50  13:26  Ravager  
  53  13:27  Roach  
  53  13:34  Drone  
  53  13:38  Drone  
  55  13:43  Drone  
  55  13:47  Drone  
  57  13:51  Drone  
  58  13:56  Drone  
  58  13:59  Extractor  
  58  14:00  Extractor, Drone  
  58  14:04  Drone  
  58  14:09  Drone  
  60  14:13  Drone  
  61  14:18  Drone  
  61  14:22  Drone  
  61  14:23  Zerg Ground Armor Level 1  
  63  14:27  Drone  
  64  14:31  Drone  
  64  14:36  Drone  
  66  14:40  Drone  
  67  15:11  Overlord, Overseer  
  67  15:36  Mutalisk  
  67  15:38  Overlord, Zerg Flyer Weapons Level 1  
  69  15:48  Mutalisk  
  71  15:57  Overlord  
  71  16:01  Mutalisk  
  73  16:14  Mutalisk  
  73  16:16  Overlord  
  73  16:18  Zerg Melee Weapons Level 1  
  69  16:26  Corruptor  
  69  16:28  Overseer  
  69  16:31  Overseer  
  62  16:39  Mutalisk  
  64  16:50  Hatchery  
  64  16:51  Mutalisk  
  65  17:03  Mutalisk  
  67  17:15  Mutalisk  
  69  17:28  Corruptor  
  71  17:32  Zerg Flyer Armor Level 1  
  71  18:03  Drone  
  72  18:29  Extractor  
  72  18:31  Drone  
  72  18:33  Extractor  
  71  18:35  Drone  
  72  18:56  Hydralisk  
  72  18:59  Drone, Overlord  
  65  19:04  Drone  
  65  19:09  Drone  
  52  19:10  Hydralisk  
  52  19:13  Drone  
  54  19:18  Drone  
  54  19:21  Overseer  
  54  19:24  Drone  
  56  19:25  Zergling x2  
  56  19:26  Zerg Flyer Weapons Level 2  
  56  19:29  Drone  
  55  19:34  Drone  
  55  19:38  Drone  
  55  19:40  Roach  
  55  19:43  Drone  
  55  19:44  Zerg Melee Weapons Level 2  
  56  19:46  Overlord  
  56  19:47  Drone  
  56  19:50  Roach  
  56  19:52  Drone  
  56  19:56  Drone  
  45  20:00  Roach  
  45  20:02  Drone  
  39  20:07  Drone  
  39  20:11  Drone, Roach  
  35  20:14  Overseer  
  35  20:16  Drone  
  35  20:17  Infestation Pit  
  35  20:21  Roach, Drone  
  32  20:25  Drone  
  35  20:30  Drone  
  35  20:32  Roach  
  35  20:34  Drone  
  39  20:39  Drone  
  39  20:42  Zergling x2  
  39  20:44  Drone  
  39  20:48  Drone  
  35  20:53  Drone, Roach  
  36  20:58  Drone  
  36  21:03  Roach, Drone  
  35  21:05  Hive  
  35  21:08  Drone  
  32  21:12  Drone  
  32  21:14  Roach  
  32  21:17  Drone  
  33  21:21  Drone  
  33  21:24  Roach  
  35  21:26  Drone  
  35  21:30  Drone  
  36  21:34  Roach  
  36  21:35  Drone  
  38  21:40  Drone  
  38  21:41  Hatchery  
  38  21:43  Infestor  
  38  21:45  Drone  
  40  21:49  Drone  
  41  21:55  Drone, Infestor  
  41  21:59  Drone  
  41  22:00  Zerg Missile Weapons Level 2  
  41  22:03  Drone  
  41  22:04  Extractor  
  41  22:06  Roach  
  42  22:08  Drone  
  42  22:13  Drone  
  42  22:15  Overlord  
  42  22:16  Roach  
  42  22:18  Drone  
  42  22:22  Drone  
  45  22:26  Zergling x2  
  45  22:28  Drone  
  46  22:32  Drone, Ultralisk Cavern  
  46  22:37  Drone  
  32  22:38  Roach  
  32  22:41  Drone  
  33  22:44  Extractor  
  33  22:46  Drone  
  33  22:48  Roach  
  33  22:50  Drone  
  36  22:54  Drone  
  39  22:58  Roach  
  39  22:59  Drone, Overseer  
  39  23:00  Overlord  
  39  23:03  Drone  
  38  23:08  Drone  
  38  23:09  Roach  
  39  23:13  Drone  
  39  23:17  Drone  
  39  23:19  Infestor  
  39  23:21  Queen  
  39  23:22  Drone  
  39  23:27  Drone  
  34  23:30  Ultralisk  
  34  23:31  Drone  
  37  23:35  Drone  
  37  23:38  Overlord  
  37  23:40  Ultralisk  
  37  23:41  Drone  
  39  23:45  Drone  
  38  23:49  Drone  
  38  23:53  Roach  
  39  23:56  Drone  
  39  23:57  Overlord, Overseer  
  39  24:00  Drone  
  39  24:02  Queen  
  39  24:05  Drone  
  39  24:06  Roach  
  39  24:10  Drone  
  39  24:14  Drone  
  39  24:16  Overlord  
  40  24:18  Drone  
  40  24:20  Roach  
  36  24:35  Overlord  
  36  24:36  Roach  
  38  24:40  Overlord, Ultralisk Cavern  
  31  24:53  Queen  
  31  24:54  Zergling x2  
  31  24:55  Drone  
  31  24:59  Overlord  
  29  25:08  Zergling x2  
  24  25:15  Roach Warren  
  24  25:17  Drone  
  24  25:19  Overlord  
  24  25:22  Drone  
  24  25:23  Zergling x2  
  24  25:26  Drone  
  23  25:38  Drone, Overlord  
  23  25:42  Drone  
  23  25:47  Drone  
  23  25:49  Ultralisk  
  24  25:51  Drone  
  24  25:57  Overlord  
  24  26:01  Hatchery  
  24  26:02  Drone  
  22  26:07  Drone  
  17  26:15  Drone, Overlord  
  17  26:16  Roach  
  19  26:19  Drone  
  20  26:33  Drone, Overlord  
  20  26:35  Roach  
  20  26:38  Drone  
  22  26:43  Extractor  
  21  26:52  Drone  
  21  26:53  Ultralisk  
  22  26:56  Overlord  
  22  26:57  Drone  
  21  27:04  Drone  
  22  27:09  Evolution Chamber  
  22  27:12  Drone  
  21  27:16  Ultralisk  
  21  27:17  Drone  
  28  27:23  Drone  
  28  27:26  Overlord  
  28  27:28  Drone  
  27  27:39  Overlord  
  25  27:59  Overlord  
  24  28:10  Spawning Pool  
  22  28:17  Overlord  
  22  28:18  Drone  
  23  28:20  Evolution Chamber  
  23  28:22  Drone  
  23  28:29  Drone  
  23  28:34  Drone  
  25  28:36  Overlord  
  25  28:38  Drone  
  26  28:42  Drone  
  27  28:51  Drone  
  28  28:56  Drone  
  28  28:57  Queen  
  28  28:58  Zergling x2  
  28  28:59  Lair  
  28  29:01  Overlord  
  28  29:02  Drone  
  31  29:13  Zergling x2  
  32  29:19  Drone  
  34  29:24  Drone, Overlord  
  34  29:27  Roach Warren  
  33  29:35  Drone  
  34  29:39  Drone  
  34  29:44  Drone  
  35  29:49  Drone  
  35  29:56  Drone  
  35  29:57  Overseer  
  35  29:58  Spire, Zergling x2  
  35  29:59  Overseer  
  36  30:00  Overseer  
  36  30:01  Zerg Ground Armor Level 2, Infestation Pit  
  36  30:06  Drone  
  36  30:10  Drone, Roach  
  39  30:15  Drone  
  39  30:17  Overlord  
  39  30:19  Drone  
  41  30:23  Roach  
  41  30:28  Drone  
  44  30:32  Drone  
  45  30:36  Drone, Roach  
  45  30:39  Hive  
  45  30:41  Drone  
  48  30:46  Drone  
  48  30:47  Roach  
  51  30:50  Drone  
  51  30:55  Drone  
  53  31:00  Drone  
  54  31:05  Drone  
  54  31:10  Zergling x2  
  49  31:16  Drone  
  49  31:17  Overlord  
  50  31:21  Roach, Drone  
  51  31:28  Drone  
  51  31:32  Drone, Roach  
  55  31:38  Infestor  
  54  31:47  Roach  
  54  31:48  Drone  
  54  31:50  Hydralisk Den  
  54  31:52  Drone  
  42  31:54  Roach  
  42  31:58  Drone  
  42  32:01  Roach  
  47  32:04  Drone  
  47  32:07  Roach  
  48  32:14  Drone, Roach  
  41  32:19  Drone  
  41  32:20  Queen  
  41  32:22  Roach  
  38  32:23  Drone  
  38  32:26  Overseer  
  38  32:28  Drone  
  39  32:35  Infestor  
  35  32:46  Hydralisk  
  34  32:57  Infestor  
  33  33:08  Roach  
  33  33:25  Drone  
  34  33:28  Hydralisk Den  
  34  33:30  Drone  
  34  33:34  Drone  
  34  33:38  Drone  
  36  33:45  Drone, Spawning Pool  
  35  33:52  Overseer  
  35  33:55  Overlord  
  35  33:56  Drone  
  35  33:58  Hydralisk  
  27  34:04  Drone  
  27  34:06  Hydralisk  
  19  34:17  Overlord  
Show
View Real Time Build Order
Export as new Build Order

A.I. 3 (Medium) Terran 

Build Orders:  

Get SALT Encoding   

  12  0:01  SCV  
  13  0:13  SCV  
  14  0:20  Supply Depot  
  14  0:25  SCV  
  15  0:42  SCV  
  16  0:43  Barracks  
  16  0:50  Refinery  
  16  0:54  SCV  
  17  1:06  SCV  
  18  1:17  Supply Depot  
  18  1:30  Marine  
  18  1:31  Orbital Command  
  19  1:34  Barracks  
  19  1:44  Refinery  
  19  1:49  Barracks Tech Lab  
  19  2:05  Factory  
  19  2:07  Marine  
  20  2:25  Marine  
  20  2:28  Supply Depot, Marine  
  22  2:43  Marine  
  23  2:49  SCV  
  23  2:50  Hellion  
  26  3:01  SCV  
  26  3:05  Supply Depot  
  27  3:11  Hellion  
  29  3:14  SCV  
  29  3:19  Engineering Bay  
  30  3:26  SCV  
  31  3:33  Hellion  
  33  3:38  SCV  
  34  3:50  SCV  
  34  3:54  Hellion  
  37  5:09  Barracks Tech Lab  
  37  5:10  Marauder, SCV  
  37  5:12  Factory Tech Lab, Factory  
  40  5:15  Supply Depot  
  40  5:17  Missile Turret  
  40  5:19  Missile Turret  
  40  5:21  Sensor Tower  
  40  5:22  SCV, Armory  
  41  5:31  Starport, Marine  
  42  5:39  Siege Tank  
  45  5:43  Barracks  
  45  5:45  Supply Depot  
  45  5:53  Marauder  
  45  5:54  Bunker  
  45  5:55  Factory Tech Lab  
  34  6:05  Marine  
  34  6:09  Starport Tech Lab  
  35  6:18  Marine  
  36  6:20  Command Center  
  36  6:27  Raven  
  36  6:30  Barracks Reactor  
  36  6:31  Marine  
  39  6:44  Marine  
  40  6:57  Marine  
  41  7:02  Raven  
  43  7:10  Siege Tank  
  46  7:23  Cyclone  
  48  7:33  SCV  
  48  7:36  SCV  
  50  7:41  Refinery  
  50  7:45  SCV  
  50  7:48  Missile Turret  
  50  7:49  SCV  
  52  7:51  Missile Turret  
  52  7:53  Refinery  
  52  7:57  SCV  
  53  8:01  SCV  
  54  8:10  SCV  
  55  8:13  SCV  
  55  8:14  Bunker  
  56  8:22  SCV  
  56  8:25  SCV  
  58  8:34  SCV  
  59  8:37  SCV  
  60  8:46  SCV  
  61  8:49  SCV  
  62  8:58  SCV  
  62  9:01  SCV  
  64  9:10  SCV  
  64  9:13  SCV  
  66  9:22  SCV  
  67  9:25  SCV  
  68  9:34  Reaper  
  68  9:35  Medivac  
  68  9:36  Stimpack, Combat Shield  
  68  9:37  Terran Infantry Weapons Level 1  
  71  9:39  Starport, Marine  
  71  9:41  Supply Depot  
  71  9:44  Marine, Ghost Academy  
  73  9:49  Marine  
  73  9:51  Fusion Core  
  74  9:54  Engineering Bay  
  74  9:58  Armory  
  74  9:59  Marine  
  75  10:05  Raven  
  75  10:07  Supply Depot, Marauder  
  79  10:10  Reaper  
  80  10:15  Medivac  
  80  10:17  Ghost  
  80  10:20  Terran Infantry Armor Level 1  
  82  10:22  Marine  
  82  10:28  Marine  
  80  10:40  Marine  
  80  10:42  Marine  
  70  10:46  Marine, Starport Tech Lab  
  71  10:51  Marauder  
  71  10:55  Concussive Shells  
  73  10:58  Marine  
  74  11:04  Marauder  
  74  11:07  Command Center  
  75  12:20  SCV  
  76  12:23  Refinery, SCV  
  76  12:26  SCV  
  76  12:29  Missile Turret  
  78  12:32  Missile Turret, SCV  
  78  12:34  Refinery  
  78  12:35  SCV  
  80  12:38  SCV  
  81  12:45  SCV  
  81  12:48  SCV  
  81  12:50  SCV  
  84  12:52  Bunker  
  84  12:59  Marine  
  84  13:02  Marine, Terran Infantry Weapons Level 2  
  84  13:03  Terran Infantry Armor Level 2  
  84  13:04  Terran Vehicle Weapons Level 1  
  84  13:05  Supply Depot, Marine, Terran Ship Weapons Level 1  
  87  13:08  Marine  
  88  13:17  Marine  
  89  13:20  Marine  
  89  13:23  Marine  
  89  13:26  Marauder  
  79  13:35  Marine  
  79  13:37  Marine  
  79  13:40  Marine  
  74  13:42  Raven x2  
  74  13:47  Marine  
  75  13:52  Marine  
  76  13:55  Marine  
  76  13:58  Marine  
  78  14:04  Ghost  
  80  14:10  Marine  
  80  14:13  Marine  
  80  14:16  Raven  
  86  14:17  Marauder  
  86  14:28  Marine  
  86  14:31  Marine  
  87  14:34  Marauder  
  87  14:37  Ghost  
  92  14:46  Marine  
  92  14:49  Marine  
  94  14:55  Marauder  
  94  14:59  Terran Vehicle And Ship Armor Level 1, Terran Vehicle Weapons Level 2  
  96  15:07  Marauder  
  98  15:17  Marauder  
  98  15:20  Terran Infantry Weapons Level 3  
  98  15:21  Terran Infantry Armor Level 3  
  99  16:23  Siege Tank  
  102  16:27  Supply Depot  
  102  16:28  Command Center  
  102  16:29  Widow Mine  
  104  16:35  Viking  
  106  16:41  Viking  
  102  16:51  Hellion  
  83  16:55  Hellion  
  83  16:56  Supply Depot  
  66  17:05  Battlecruiser  
  66  17:06  Marauder  
  66  17:07  Terran Vehicle And Ship Armor Level 2  
  74  17:11  Marine, Raven  
  77  17:17  Marine  
  78  17:23  Marine  
  78  17:29  Marauder  
  81  17:35  Marine  
  82  17:41  Marauder, SCV  
  85  17:45  Medivac  
  85  17:47  Marine  
  88  17:53  Marine  
  89  17:58  Refinery  
  89  17:59  Marine  
  89  18:04  Marine, Missile Turret  
  91  18:08  Missile Turret  
  91  18:09  Raven  
  91  18:10  Ghost  
  91  18:11  Refinery  
  95  18:15  Raven  
  95  18:17  Hellion  
  99  18:23  Siege Tank  
  102  18:30  Marauder  
  102  18:31  Bunker  
  104  18:38  Widow Mine  
  106  18:43  Medivac  
  108  18:55  Widow Mine  
  110  18:59  Siege Tank  
  113  19:04  Raven  
  108  19:10  Marine  
  108  19:16  Marine  
  81  19:17  Medivac  
  81  19:22  Hellion  
  73  19:27  Marine  
  70  19:35  Marine, SCV  
  70  19:39  Raven  
  70  19:40  SCV  
  70  19:41  Marine  
  73  19:47  Marine, Raven  
  73  19:48  SCV  
  73  19:51  SCV  
  74  19:53  Marine  
  74  19:54  SCV  
  74  19:57  SCV, Engineering Bay  
  74  19:59  Marine  
  76  20:02  SCV  
  76  20:06  Marauder  
  76  20:08  Armory, SCV  
  76  20:11  SCV  
  76  20:13  Marauder, Raven  
  75  20:15  SCV  
  75  20:19  Widow Mine  
  75  20:20  SCV  
  70  20:21  Medivac  
  70  20:23  SCV  
  70  20:27  SCV  
  70  20:28  Marauder  
  69  20:30  SCV  
  69  20:31  Siege Tank  
  69  20:34  SCV  
  70  20:41  Widow Mine  
  71  20:43  Marauder  
  71  20:45  SCV  
  71  20:47  Raven, Fusion Core  
  71  20:48  SCV  
  74  20:50  Marine  
  74  20:51  Supply Depot, Medivac  
  74  20:52  SCV  
  74  20:55  Marine  
  73  20:57  SCV  
  73  21:00  Marine  
  73  21:01  SCV  
  74  21:08  Marine  
  74  21:10  Marine  
  71  21:15  Hellion  
  71  21:16  Supply Depot  
  64  21:20  Hellion  
  64  21:21  Medivac  
  64  21:22  Raven  
  64  21:24  Ghost  
  67  21:31  Marine  
  62  21:35  Marine  
  62  21:40  Siege Tank  
  62  21:44  Marine  
  63  21:47  SCV  
  63  21:49  Marine  
  63  21:51  Raven, SCV  
  63  21:53  Marine  
  68  21:56  Raven  
  68  21:58  Marine  
  66  22:03  Siege Tank  
  66  22:06  SCV  
  65  22:09  SCV, Engineering Bay  
  65  22:12  Marine, Siege Tank  
  70  22:17  Marine  
  70  22:22  Marine  
  68  22:23  SCV  
  68  22:25  Medivac  
  68  22:26  Supply Depot  
  68  22:27  Marine  
  68  22:28  SCV  
  65  22:30  Medivac  
  65  22:31  SCV  
  65  22:32  Marine  
  65  22:35  SCV  
  69  22:37  Siege Tank  
  69  22:40  SCV  
  69  22:43  SCV  
  58  22:44  Siege Tank  
  58  22:47  Marine, SCV  
  58  22:52  Marine, SCV  
  58  22:55  SCV  
  58  22:56  Marine, Raven  
  59  23:00  Raven  
  59  23:01  Marine  
  59  23:04  SCV  
  62  23:06  Marine  
  62  23:07  SCV  
  62  23:10  Marine  
  55  23:14  Command Center  
  55  23:15  Marine  
  49  23:20  Siege Tank  
  49  23:24  Marine  
  44  23:29  Siege Tank  
  44  23:30  Medivac  
  44  23:34  Medivac  
  44  23:38  Marine  
  44  23:42  Marine  
  44  23:44  Engineering Bay  
  43  23:53  Hellion  
  45  23:56  Marine  
  45  24:00  Marine, Raven  
  45  24:01  Siege Tank  
  48  24:11  Command Center  
  48  24:13  Marine, Fusion Core  
  46  24:18  Marine  
  45  24:31  Marine  
  45  24:34  Medivac, Ghost Academy  
  45  24:36  Marine  
  45  24:37  Siege Tank  
  43  24:54  Marine  
  41  25:00  Missile Turret  
  41  25:04  SCV  
  41  25:06  Raven  
  40  25:08  Missile Turret, SCV  
  40  25:09  Hellion  
  40  25:12  Marine  
  35  25:16  SCV  
  35  25:20  SCV  
  29  25:24  SCV  
  26  25:30  Marauder  
  26  25:35  SCV  
  28  25:37  Refinery  
  28  25:40  Medivac, SCV  
  26  25:43  SCV  
  26  25:45  Missile Turret  
  26  25:47  SCV  
  26  25:51  Marauder, Missile Turret  
  26  26:01  SCV  
  23  26:04  SCV  
  17  26:12  Marine  
  17  26:13  SCV  
  17  26:16  SCV  
  15  26:25  SCV  
  12  26:28  SCV  
  12  26:30  Marine  
  13  26:37  SCV  
  13  26:43  SCV  
  14  26:48  Marine  
  14  26:49  SCV  
  15  26:58  Bunker  
  14  27:01  SCV  
  14  27:04  Factory  
  14  27:06  Marine  
  16  27:12  SCV  
  16  27:14  Supply Depot  
  17  27:18  SCV  
  18  27:23  Marine  
  18  27:25  Barracks  
  20  27:30  SCV  
  20  27:36  SCV  
  21  27:41  Marine  
  21  27:42  SCV  
  23  27:48  Hellion, SCV  
  26  27:54  SCV  
  26  27:57  Supply Depot  
  24  27:59  Marine  
  24  28:00  SCV  
  25  28:06  SCV  
  25  28:12  SCV  
  27  28:16  Marine  
  27  28:17  Marine  
  27  28:18  SCV  
  29  28:22  Factory  
  29  28:24  SCV  
  32  28:34  Marine  
  32  28:35  Marine  
  28  28:52  Marine x2  
  29  29:00  Orbital Command  
  27  29:07  Supply Depot  
  26  29:10  Marine  
  26  29:11  Starport  
  26  29:12  Barracks Tech Lab  
  26  29:15  Factory  
  24  29:28  Marine  
  26  29:32  Supply Depot  
  22  29:39  Barracks, SCV  
  22  29:46  Barracks Tech Lab  
  22  29:48  Barracks Tech Lab  
  22  29:51  SCV  
  22  29:57  Supply Depot  
  22  29:59  Hellion  
  24  30:02  Starport  
  24  30:03  SCV  
  25  30:21  Supply Depot, Factory Tech Lab  
  25  30:27  Reaper  
  26  30:41  Hellion  
  26  30:42  Starport Tech Lab  
  24  30:59  Reaper  
  25  31:04  Raven  
  25  31:08  Hellion  
  26  31:17  SCV  
  22  31:29  SCV  
  22  31:30  Hellion  
  22  31:31  Marine  
  24  31:38  Raven  
  19  31:50  Barracks Tech Lab  
  19  31:51  Hellion  
  17  32:10  Marine  
  17  32:12  Viking  
  18  32:29  Marauder  
  18  32:32  Command Center  
  16  32:48  Refinery  
  14  33:03  Refinery  
  11  33:11  Viking  
Show
View Real Time Build Order
Export as new Build Order

A.I. 2 (Hard) Zerg 

Build Orders: 1 Base Baneling Bust, Pool First 

Get SALT Encoding   

  12  0:01  Drone  
  13  0:12  Overlord  
  13  0:18  Drone  
  14  0:31  Drone  
  14  0:32  Drone  
  16  0:43  Spawning Pool  
  16  0:45  Drone  
  16  0:49  Drone  
  17  0:52  Extractor  
  17  0:56  Drone  
  17  1:06  Overlord  
  17  1:30  Queen  
  17  1:31  Zergling x2  
  20  1:37  Roach Warren  
  20  1:38  Drone  
  20  1:43  Zergling x2, Extractor  
  20  1:49  Drone  
  21  2:00  Drone  
  22  2:10  Overlord  
  22  2:21  Drone  
  23  2:32  Roach  
  25  2:37  Drone  
  25  2:38  Overlord  
  25  2:44  Roach  
  28  2:55  Roach  
  30  3:07  Roach  
  30  3:10  Overlord  
  32  3:18  Roach  
  34  3:30  Roach  
  38  3:41  Roach, Overlord  
  38  3:46  Drone  
  39  3:49  Drone  
  39  3:52  Roach  
  39  3:53  Drone  
  43  3:57  Drone  
  44  4:07  Drone  
  45  4:13  Baneling Nest  
  45  4:15  Drone, Roach  
  45  4:16  Drone  
  48  4:21  Evolution Chamber  
  48  4:24  Drone  
  48  4:29  Roach  
  50  4:41  Roach  
  52  4:52  Roach  
  54  6:31  Lair, Overlord, Zerg Melee Weapons Level 1  
  54  6:33  Evolution Chamber  
  54  6:35  Spore Crawler  
  54  6:38  Drone, Spore Crawler  
  52  6:42  Drone, Hatchery  
  52  6:49  Drone  
  52  6:50  Overlord  
  53  6:59  Zerg Ground Armor Level 1  
  53  7:04  Spine Crawler  
  53  7:07  Spine Crawler  
  52  7:08  Drone  
  52  7:12  Zergling x2  
  51  7:22  Roach  
  43  7:28  Queen  
  37  7:30  Spire  
  37  7:31  Roach, Overseer x2  
  37  7:33  Hydralisk Den  
  37  7:35  Infestation Pit, Drone  
  37  7:40  Roach  
  39  7:50  Roach  
  41  7:54  Burrow  
  41  7:57  Drone  
  43  7:58  Drone  
  43  7:59  Roach  
  43  8:00  Drone  
  43  8:03  Drone  
  47  8:08  Roach, Drone  
  50  8:13  Drone  
  50  8:15  Drone  
  50  8:18  Drone, Roach  
  55  8:21  Drone  
  55  8:23  Drone  
  55  8:26  Drone, Hydralisk, Zerg Missile Weapons Level 1  
  60  8:28  Drone  
  60  8:32  Drone  
  60  8:34  Drone  
  63  8:39  Drone  
  64  8:41  Drone  
  65  8:50  Drone  
  65  8:52  Drone  
  65  8:53  Spore Crawler  
  66  8:56  Hydralisk  
  66  8:57  Drone  
  66  9:00  Spore Crawler  
  66  9:01  Drone  
  69  9:04  Queen  
  69  9:06  Hydralisk  
  69  9:08  Overlord  
  73  9:15  Hydralisk  
  75  9:25  Spine Crawler  
  75  9:29  Spine Crawler  
  75  9:30  Drone  
  74  9:59  Extractor  
  73  10:01  Drone  
  73  10:06  Extractor  
  74  10:07  Drone  
  74  10:20  Zergling x2  
  74  10:23  Drone  
  74  10:24  Drone  
  74  10:28  Drone  
  75  10:29  Drone  
  75  10:30  Roach  
  75  10:31  Drone  
  79  10:41  Hydralisk  
  57  10:51  Roach  
  59  11:01  Roach  
  61  11:05  Roach  
  61  11:06  Pneumatized Carapace  
  61  11:07  Overlord  
  61  11:08  Roach, Overseer  
  67  11:11  Roach  
  67  11:14  Roach  
  67  11:16  Hydralisk  
  71  11:19  Hydralisk  
  71  11:23  Roach  
  71  11:25  Hatchery  
  74  11:26  Roach, Overlord  
  74  11:29  Roach  
  74  11:32  Zergling x2  
  79  11:34  Mutalisk  
  79  11:35  Baneling  
  79  11:37  Mutalisk  
  83  11:41  Zergling x2  
  83  11:44  Zergling x2  
  83  11:46  Baneling, Overlord  
  85  11:47  Mutalisk  
  85  11:50  Mutalisk  
  85  11:54  Baneling x2, Zergling x2  
  89  11:55  Centrifugal Hooks  
  89  11:57  Zergling x2, Metabolic Boost  
  89  12:00  Zergling x2  
  89  12:01  Hive  
  92  12:03  Zergling x2  
  92  12:05  Overlord  
  92  12:06  Zergling x2  
  94  12:08  Mutalisk  
  94  12:11  Mutalisk  
  94  12:14  Mutalisk  
  100  12:15  Zerg Melee Weapons Level 2  
  100  12:17  Mutalisk  
  100  12:21  Zergling x2  
  103  12:33  Zerg Ground Armor Level 2  
  103  12:39  Drone  
  103  12:41  Drone  
  103  12:42  Drone  
  103  12:44  Drone  
  107  12:45  Drone  
  107  12:47  Drone  
  107  12:48  Drone  
  107  12:50  Drone  
  111  12:51  Drone, Overlord  
  111  12:53  Drone  
  111  12:55  Extractor, Drone  
  111  12:56  Drone  
  111  12:57  Spore Crawler  
  111  12:58  Drone  
  114  12:59  Drone  
  114  13:01  Drone  
  114  13:02  Drone  
  114  13:04  Drone  
  118  13:06  Drone  
  118  13:07  Drone  
  118  13:10  Overlord  
  120  13:13  Glial Reconstitution  
  120  13:14  Viper  
  120  13:17  Zerg Flyer Weapons Level 1  
  123  13:27  Spore Crawler, Queen  
  123  13:28  Drone  
  124  13:34  Zergling x2  
  124  13:37  Zergling x2  
  124  13:40  Zergling x2  
  104  13:43  Zergling x2  
  104  13:46  Zergling x2  
  76  13:49  Zergling x2, Overseer  
  76  13:52  Mutalisk  
  76  13:55  Mutalisk  
  81  13:58  Mutalisk  
  81  13:59  Extractor  
  81  14:01  Zergling x2  
  83  14:03  Overseer  
  83  14:04  Mutalisk  
  83  14:07  Zergling x2  
  83  14:08  Drone  
  87  14:11  Baneling x2, Zergling x2  
  87  14:14  Spine Crawler, Mutalisk  
  87  14:15  Drone  
  87  14:16  Mutalisk  
  90  14:18  Spine Crawler  
  90  14:20  Drone, Mutalisk  
  94  14:24  Baneling, Zergling x2  
  94  14:27  Mutalisk  
  94  14:30  Baneling  
  97  14:34  Zerg Missile Weapons Level 2  
  97  14:41  Corruptor  
  99  14:49  Overlord  
  99  14:59  Corruptor  
  101  15:12  Greater Spire  
  101  15:34  Viper  
  101  15:35  Overlord  
  104  15:54  Hatchery  
  103  16:06  Overlord, Overseer  
  103  16:23  Corruptor  
  103  16:24  Zerg Flyer Weapons Level 2, Brood Lord  
  107  16:31  Brood Lord  
  107  16:32  Corruptor  
  111  17:01  Brood Lord  
  111  17:04  Corruptor  
  111  17:05  Overlord  
  111  17:08  Drone  
  116  17:09  Queen  
  116  17:13  Extractor  
  118  17:15  Drone  
  118  17:19  Drone, Spore Crawler  
  118  17:23  Spore Crawler  
  118  17:24  Drone  
  118  17:26  Extractor  
  118  17:28  Drone  
  118  17:45  Overseer  
  118  17:50  Spine Crawler, Adrenal Glands  
  118  17:51  Drone  
  118  17:54  Spine Crawler  
  118  17:55  Drone  
  118  18:06  Zerg Missile Weapons Level 3  
  118  18:12  Roach, Overlord  
  120  18:15  Roach  
  120  18:18  Hydralisk  
  124  18:22  Infestor  
  124  18:26  Roach  
  128  18:30  Roach, Overlord  
  128  18:34  Roach  
  128  18:37  Hydralisk  
  128  18:40  Zerg Flyer Armor Level 1  
  106  18:41  Infestor  
  106  18:45  Swarm Host  
  91  18:49  Roach, Overlord  
  91  18:53  Roach  
  91  18:54  Viper  
  98  18:55  Overseer  
  98  18:56  Roach  
  98  19:00  Roach  
  102  19:04  Roach  
  102  19:07  Zergling x2  
  102  19:08  Overlord  
  105  19:10  Hydralisk  
  105  19:12  Viper  
  105  19:14  Hydralisk  
  112  19:19  Infestor  
  112  19:23  Infestor, Neural Parasite  
  114  19:27  Swarm Host  
  114  19:30  Hydralisk  
  119  19:35  Zergling x2  
  119  19:37  Infestor  
  112  19:39  Roach  
  112  19:43  Roach  
  92  19:47  Roach  
  92  19:50  Hydralisk  
  86  19:54  Roach  
  86  19:58  Viper  
  86  19:59  Roach, Queen x2  
  94  20:02  Roach  
  94  20:03  Overlord  
  94  20:06  Roach  
  98  20:09  Hydralisk  
  98  20:12  Roach  
  98  20:14  Roach  
  100  20:17  Roach  
  100  20:21  Zergling x2  
  97  20:23  Overlord  
  97  20:24  Roach  
  97  20:27  Hydralisk  
  97  20:31  Roach  
  97  20:32  Roach  
  93  20:36  Roach, Overseer  
  93  20:39  Hydralisk  
  88  20:43  Infestor  
  88  20:46  Infestor  
  88  20:48  Viper  
  92  20:51  Zergling x2  
  92  20:55  Roach  
  87  20:59  Roach  
  87  21:01  Overlord  
  87  21:03  Roach  
  89  21:07  Roach  
  89  21:10  Roach  
  90  21:14  Roach  
  90  21:18  Roach  
  89  21:19  Hatchery  
  89  21:20  Overseer  
  89  21:21  Overlord  
  89  21:22  Roach  
  85  21:26  Roach  
  85  21:28  Queen  
  85  21:29  Hydralisk  
  85  21:31  Drone  
  85  21:32  Hydralisk  
  88  21:37  Zergling x2  
  88  21:38  Overseer  
  79  21:41  Zergling x2, Overlord  
  79  21:43  Drone  
  79  21:44  Mutalisk  
  73  21:48  Zergling x2  
  73  21:50  Drone  
  67  21:55  Roach  
  67  22:00  Swarm Host, Drone  
  64  22:08  Roach  
  63  22:10  Overseer  
  63  22:14  Roach  
  62  22:20  Hydralisk  
  64  22:23  Overlord  
  64  22:28  Zergling x2  
  65  22:34  Drone  
  63  22:47  Extractor  
  63  22:48  Overlord  
  61  22:52  Overseer  
  61  22:54  Zergling x2  
  61  22:58  Zergling x2  
  56  23:02  Roach  
  56  23:05  Overseer  
  55  23:06  Zergling x2  
  55  23:07  Overlord  
  55  23:08  Spore Crawler  
  55  23:10  Roach  
  57  23:13  Mutalisk  
  57  23:17  Zergling x2  
  57  23:21  Roach  
  57  23:23  Spore Crawler  
  57  23:25  Mutalisk  
  57  23:26  Extractor, Overlord  
  58  23:30  Zergling x2  
  58  23:31  Extractor  
  58  23:34  Roach  
  60  23:36  Mutalisk, Overseer  
  60  23:41  Zergling x2  
  60  23:44  Zergling x2  
  60  23:45  Overlord  
  57  23:48  Roach  
  57  23:50  Drone  
  57  23:51  Spine Crawler, Drone  
  57  23:52  Zergling x2  
  57  23:53  Drone  
  57  23:55  Mutalisk, Overseer  
  58  23:56  Spine Crawler  
  58  24:00  Roach  
  57  24:03  Drone, Mutalisk  
  57  24:04  Overlord  
  57  24:05  Drone  
  57  24:07  Roach Warren, Drone  
  57  24:09  Drone x2  
  58  24:10  Hydralisk  
  58  24:13  Drone  
  58  24:18  Drone  
  58  24:19  Zergling x2  
  58  24:20  Drone  
  58  24:21  Ultralisk Cavern  
  58  24:22  Drone  
  58  24:23  Zergling x2  
  58  24:24  Drone, Overlord  
  55  24:26  Zergling x2, Drone  
  55  24:28  Drone  
  55  24:29  Drone  
  55  24:30  Mutalisk  
  54  24:31  Drone  
  54  24:33  Drone  
  54  24:34  Zergling x2  
  54  24:35  Drone  
  54  24:37  Drone  
  54  24:38  Mutalisk  
  55  24:39  Drone  
  55  24:42  Zergling x2  
  57  24:46  Mutalisk  
  57  24:48  Overlord  
  57  24:50  Zergling x2  
  60  24:54  Roach  
  60  24:58  Mutalisk  
  60  25:02  Zergling x2  
  60  25:06  Zergling x2  
  55  25:10  Roach  
  55  25:14  Zergling x2  
  55  25:17  Mutalisk  
  53  25:21  Roach  
  53  25:23  Hatchery  
  53  25:24  Ultralisk  
  53  25:25  Drone  
  53  25:28  Lair, Ultralisk  
  63  25:32  Zergling x2  
  63  25:33  Drone  
  61  25:36  Roach  
  61  25:39  Mutalisk  
  62  25:43  Zergling x2  
  62  25:45  Overlord  
  62  25:47  Zergling x2  
  62  25:49  Overseer  
  62  25:50  Roach, Overseer  
  62  25:55  Zergling x2  
  61  26:04  Roach, Overlord  
  61  26:10  Extractor  
  55  26:12  Roach  
  55  26:17  Overseer  
  49  26:24  Roach, Overlord  
  49  26:28  Roach  
  49  26:30  Overlord  
  49  26:31  Overlord  
  47  26:47  Overseer  
  47  26:48  Mutalisk  
  47  26:49  Drone  
  47  26:50  Drone x2, Overlord  
  47  26:51  Drone  
  47  26:52  Mutalisk  
  52  26:55  Overlord  
  44  27:08  Drone  
  44  27:10  Drone  
  44  27:11  Drone  
  44  27:13  Drone  
  44  27:15  Drone, Overlord, Hatchery  
  48  27:17  Drone  
  49  27:23  Hatchery  
  49  27:24  Drone  
  49  27:25  Overseer  
  49  27:34  Overlord  
  49  27:42  Spawning Pool  
  49  27:43  Drone  
  48  27:45  Hydralisk Den  
  48  27:46  Drone  
  48  27:48  Infestation Pit  
  48  27:50  Drone  
  48  27:52  Evolution Chamber  
  48  27:54  Evolution Chamber  
  48  27:55  Overlord  
  46  28:14  Hydralisk, Overlord  
  46  28:17  Hydralisk  
  50  28:20  Hydralisk  
  50  28:25  Infestor  
  54  28:28  Drone, Infestor  
  54  28:30  Roach Warren  
  54  28:31  Hydralisk  
  54  28:32  Drone  
  59  28:34  Swarm Host  
  59  28:38  Hydralisk  
  59  28:40  Overlord  
  59  28:41  Drone  
  65  28:42  Overseer  
  65  28:43  Hydralisk, Drone  
  65  28:45  Drone  
  69  28:50  Drone  
  66  29:10  Drone  
  66  29:11  Roach  
  66  29:14  Roach  
  72  29:17  Roach  
  72  29:20  Roach  
  72  29:23  Roach  
  73  29:26  Roach  
  73  29:29  Roach  
  65  29:33  Roach, Overlord  
  65  29:35  Roach  
  69  29:39  Roach  
  69  29:42  Zergling x2  
  69  29:45  Infestor  
  73  29:58  Roach  
  75  30:05  Roach  
  77  30:14  Roach  
  76  30:25  Overlord  
  72  30:34  Overlord  
  70  30:42  Overlord  
  63  30:51  Roach  
  63  30:53  Roach, Hydralisk  
  24  31:37  Overlord  
  15  32:17  Drone  
  13  32:26  Drone  
  7  32:37  Drone  
  7  32:39  Drone  
  6  32:45  Drone  
  6  32:49  Drone  
  6  32:52  Drone  
  2  33:15  Drone  
  3  33:21  Drone x2  
  3  33:25  Drone  
  4  33:37  Drone  
  4  33:57  Drone  
  4  34:13  Drone  
Show
View Real Time Build Order
Export as new Build Order

eternal Zerg - Winner!

Build Orders: Hatch First 

Get SALT Encoding   

  12  0:08  Extractor  
  12  0:12  Extractor  
  12  0:13  Overlord  
  10  0:20  Drone  
  11  0:25  Drone  
  12  1:03  Drone x3  
  15  1:10  Pneumatized Carapace  
  16  1:47  Drone, Hatchery  
  16  1:50  Drone  
  16  1:57  Drone  
  17  2:14  Drone  
  17  2:15  Drone  
  19  2:29  Drone  
  20  2:39  Evolution Chamber  
  19  3:00  Spawning Pool  
  18  3:19  Drone  
  19  3:20  Overlord x2  
  19  3:42  Drone x3  
  22  3:55  Lair  
  22  3:58  Lair  
  22  4:43  Extractor  
  21  4:49  Extractor  
  21  4:52  Drone x3  
  23  4:56  Overseer  
  23  4:57  Overseer  
  23  5:29  Drone x3  
  26  5:39  Zergling x4  
  28  5:43  Overlord  
  28  5:59  Evolution Chamber  
  28  6:06  Zerg Melee Weapons Level 1  
  28  6:10  Metabolic Boost  
  28  6:21  Roach Warren  
  27  6:27  Baneling Nest  
  27  6:30  Overseer  
  26  6:50  Zergling x6  
  29  7:13  Drone  
  29  7:14  Drone x2  
  32  7:33  Centrifugal Hooks  
  32  7:37  Glial Reconstitution  
  32  8:00  Zerg Missile Weapons Level 1  
  33  8:20  Drone x3  
  33  8:25  Hatchery  
  34  8:45  Burrow  
  34  8:56  Tunneling Claws  
  34  9:19  Baneling x2  
  34  9:20  Baneling x4  
  33  9:52  Baneling  
  33  9:53  Baneling x3  
  33  9:54  Zerg Ground Armor Level 1  
  33  10:03  Roach x3  
  39  10:18  Roach  
  39  10:20  Overlord  
  39  10:21  Overlord  
  39  10:43  Roach x2  
  39  10:44  Roach  
  39  10:48  Overseer  
  39  10:49  Overseer  
  45  10:51  Ravager  
  46  10:57  Roach x2  
  46  10:59  Overlord  
  50  11:14  Ravager  
  51  11:18  Ravager  
  51  11:23  Ravager  
  51  11:24  Ravager  
  54  11:26  Ravager  
  54  11:28  Ravager  
  56  11:47  Roach  
  58  11:48  Zerg Melee Weapons Level 2  
  58  11:49  Overlord x2  
  58  11:52  Overlord x3  
  58  12:06  Spire  
  57  12:15  Hydralisk Den  
  57  12:18  Overseer  
  57  12:19  Overseer  
  56  12:35  Queen  
  58  13:11  Queen  
  60  13:20  Ravager  
  60  13:23  Ravager  
  60  13:24  Ravager  
  52  13:46  Queen  
  48  14:06  Corruptor x2  
  48  14:07  Corruptor  
  54  14:22  Queen  
  56  14:25  Overseer, Zerg Missile Weapons Level 2  
  56  14:26  Overseer x3  
  56  14:33  Mutalisk x3  
  62  14:43  Hydralisk x3  
  68  14:58  Queen  
  70  15:07  Grooved Spines  
  70  15:23  Zerg Flyer Armor Level 1  
  70  15:32  Hydralisk x3  
  76  15:57  Muscular Augments  
  76  16:10  Lurker Den  
  75  16:26  Overlord x3  
  75  16:41  Zerg Ground Armor Level 2  
  75  17:13  Lurker  
  76  17:16  Overseer  
  76  17:17  Overseer  
  76  17:18  Overseer  
  76  17:20  Lurker  
  76  17:21  Lurker  
  78  17:25  Lurker  
  79  18:40  Hatchery  
  78  18:48  Infestation Pit  
  78  18:51  Roach x3  
  83  19:33  Ravager  
  83  19:35  Ravager  
  83  19:36  Ravager  
  86  19:57  Hive  
  86  20:00  Hive  
  86  20:21  Swarm Host  
  86  20:22  Swarm Host x2  
  95  20:31  Lair  
  95  20:52  Drone  
  95  20:53  Drone  
  97  21:20  Viper x3  
  106  21:28  Overlord  
  106  21:29  Overlord x2  
  106  21:42  Overlord x3  
  106  21:48  Overlord  
  106  21:53  Overseer x3  
  106  22:12  Viper  
  109  22:34  Swarm Host  
  109  22:35  Swarm Host x2  
  118  22:45  Ultralisk Cavern  
  117  23:02  Hive  
  117  23:07  Infestor x3  
  123  23:36  Chitinous Plating  
  123  24:09  Drone  
  124  24:10  Drone x2  
  126  24:22  Extractor  
  125  24:25  Extractor  
  124  24:54  Anabolic Synthesis  
  124  25:18  Drone x3  
  127  26:09  Drone  
  127  26:10  Drone x2  
  130  26:37  Overseer  
  130  26:38  Overseer  
  130  26:45  Overseer  
  42  29:48  Ultralisk x2  
  42  29:49  Ultralisk  
  60  30:13  Ultralisk x2  
  72  30:20  Mutalisk  
  72  33:40  Roach x3  
  78  33:46  Roach x3  
  84  33:50  Roach x2  
  84  33:51  Roach  
  90  34:41  Roach x3  
  96  34:46  Ravager  
  96  34:47  Ravager  
  96  34:48  Ravager  
  96  34:51  Overseer  
  99  34:55  Ravager  
  99  34:56  Ravager x2  
Show
View Real Time Build Order
Export as new Build Order

Jefe Terran - Winner!

Build Orders: Gas First Reaper Expand, Mech 

Get SALT Encoding   

  12  0:01  SCV  
  13  0:13  SCV  
  14  0:23  Supply Depot  
  14  0:32  Refinery  
  14  0:39  SCV  
  15  0:47  Barracks  
  15  0:51  SCV  
  16  1:03  SCV  
  17  1:10  Barracks  
  18  1:21  SCV  
  18  1:34  Reaper  
  19  1:45  Refinery  
  19  2:05  Reaper, Command Center  
  20  2:12  Reaper  
  21  2:24  SCV  
  22  2:37  SCV  
  22  3:42  Barracks Reactor  
  22  3:44  Barracks Reactor  
  22  3:46  Supply Depot  
  23  4:01  Orbital Command  
  22  4:06  Refinery  
  22  4:10  Factory  
  22  4:23  SCV  
  23  4:32  Refinery  
  23  4:37  Orbital Command  
  23  4:48  Marine x4  
  27  4:58  Bunker  
  27  5:00  Factory Tech Lab  
  27  5:05  Factory  
  27  5:14  Marine x4  
  31  5:24  Factory  
  31  5:25  Siege Tank  
  34  5:32  Marine  
  35  5:35  Engineering Bay  
  35  5:36  Engineering Bay  
  35  5:41  SCV  
  36  5:53  SCV  
  37  5:57  Siege Tank  
  40  6:05  SCV  
  40  6:09  Marine  
  40  6:10  Marine x3  
  45  6:17  SCV  
  46  6:21  Factory Tech Lab  
  46  6:22  Factory Tech Lab  
  46  6:37  Supply Depot  
  46  6:38  Supply Depot  
  46  6:41  Marine  
  46  6:42  SCV x2  
  49  6:54  SCV x2  
  51  7:04  Bunker  
  51  7:06  SCV  
  52  7:11  SCV  
  50  7:24  SCV  
  49  7:51  Neosteel Armor  
  49  7:52  Hi-Sec Auto Tracking  
  49  8:10  Command Center  
  49  8:17  Marine x3  
  49  8:18  Marine  
  53  8:26  Barracks  
  53  8:35  Starport, Marine  
  54  8:42  Starport  
  54  9:00  SCV  
  55  9:12  SCV  
  55  9:13  Starport, Barracks  
  56  9:24  SCV  
  56  9:25  Sensor Tower  
  57  9:32  Starport Tech Lab  
  57  9:33  Starport Tech Lab  
  58  9:42  Orbital Command  
  58  9:48  Command Center  
  58  9:57  SCV  
  58  9:58  Missile Turret  
  58  10:01  Missile Turret  
  58  10:10  SCV  
  59  10:21  Siege Tank x3  
  67  10:43  Barracks Tech Lab x2  
  67  10:45  Barracks  
  66  10:53  Siege Tank x2  
  72  10:57  Bunker  
  72  11:32  Barracks  
  72  11:35  Missile Turret  
  72  11:44  Barracks Tech Lab  
  72  11:55  Missile Turret  
  72  12:15  Barracks  
  72  12:34  Orbital Command  
  72  13:06  SCV  
  72  13:08  Orbital Command  
  73  13:18  Barracks Reactor, SCV  
  74  13:30  SCV  
  75  13:39  Missile Turret  
  75  13:47  Missile Turret  
  75  13:50  Medivac  
  75  13:51  Medivac  
  75  13:52  Starport Tech Lab  
  75  13:55  Hyperflight Rotors  
  79  14:00  Starport  
  79  14:08  Missile Turret  
  79  14:14  Cloaking Field  
  79  14:17  Interference Matrix  
  79  14:21  Combat Shield  
  79  14:23  Stimpack  
  79  14:24  Concussive Shells  
  79  14:32  Cyclone  
  79  14:33  Cyclone x2  
  79  14:37  Starport  
  85  14:46  Factory  
  85  14:51  Factory  
  85  15:03  SCV  
  86  15:14  Starport  
  86  15:15  SCV  
  87  15:27  SCV  
  88  15:30  Factory  
  88  15:37  Factory Tech Lab x2  
  88  15:39  SCV  
  89  15:51  SCV  
  90  17:08  Factory Tech Lab, Orbital Command  
  90  17:19  Refinery  
  90  17:34  SCV  
  91  17:45  Refinery  
  91  17:46  SCV  
  92  17:58  SCV  
  92  17:59  SCV  
  94  18:06  Starport Tech Lab  
  94  18:07  Starport Tech Lab  
  94  18:10  SCV  
  94  18:11  SCV  
  96  18:23  SCV  
  97  18:35  SCV  
  98  18:51  Supply Depot  
  98  19:00  SCV  
  99  19:05  Refinery  
  99  19:06  Starport Tech Lab  
  99  19:12  SCV  
  99  19:14  Supply Depot  
  100  19:25  Fusion Core  
  100  19:31  Refinery  
  100  19:36  Supply Depot  
  100  19:39  Widow Mine x4  
  100  19:40  Widow Mine x2  
  112  19:59  Supply Depot  
  112  20:08  Fusion Core  
  112  20:40  SCV  
  125  20:50  Battlecruiser x6  
  125  20:52  SCV  
  150  21:04  SCV  
  151  21:17  Caduceus Reactor  
  151  21:21  Weapon Refit  
  151  22:32  Command Center  
  151  22:51  Battlecruiser x6  
  169  22:52  Supply Depot  
  187  23:14  Supply Depot  
  187  23:43  Refinery  
  187  24:09  Refinery  
  187  24:48  Raven x2  
  191  27:16  SCV  
  191  27:20  SCV  
  193  27:28  SCV  
  194  28:23  Armory  
  194  28:26  Armory  
  194  28:28  Armory  
  191  31:22  Medivac x2  
  195  32:08  SCV  
  196  32:20  SCV  
  197  32:32  SCV  
  198  32:44  SCV  
  199  32:56  SCV  
Tags
 
Add a new tag
Caveats
  • Supply blocks, unpowered buildings, or Contaminate may cause inaccurate times.
  • Supply counts are checked every 10 seconds.